 Dungeon Crawl Stone Soup version 0.31.0-12-g77e489cdc1 (webtiles) character file.

Game seed: 9089722275383073956

23155 Silvore the Carver (level 12, -1/95 HPs)
             Began as a Demonspawn Fighter on Feb 14, 2024.
             Was the Champion of Okawaru.
             Slain by a manticore (11 damage)
             ... on level 12 of the Dungeon.
             The game lasted 00:16:42 (12862 turns).

Silvore the Carver (Demonspawn Fighter)            Turns: 12862, Time: 00:16:43

Health: -1/95      AC: 35    Str: 23    XL:     12   Next: 69%
Magic:  10/12      EV: 10    Int: 10    God:    Okawaru [******]
Gold:   1675       SH:  4    Dex: 13    Spells: 11/11 levels left

rFire   . . .        h - +0 triple sword "Mannebaih" {flame, Str+3}
rCold   . . .        (shield currently unavailable)
rNeg    . . .        p - +0 plate armour
rPois   +            (no helmet)
rElec   .            f - +1 cloak
rCorr   .            z - +3 pair of gauntlets of War {Slay+5}
SInv    .            s - +2 pair of boots {Fly}
Will    .....        r - amulet of the acrobat Stlth
                     G - +4 ring of slaying
HPRegen 0.35/turn    C - ring of poison resistance
MPRegen 0.13/turn

%: acrobat
@: weak-willed, heroic, sanguine armoured, flying
A: (demonic guardian 1), sanguine armour 2, condensation shield, weakness
stinger 2
a: Renounce Religion, Heroism, Finesse, Duel


You were on level 12 of the Dungeon.
You worshipped Okawaru.
Okawaru was exalted by your worship.
You visited 2 branches of the dungeon, and saw 13 of its levels.

You collected 1675 gold pieces.

Inventory:

Hand Weapons
 a - a +0 long sword
 h - the +0 triple sword "Mannebaih" (weapon) {flame, Str+3}
   (Okawaru gifted it to you on level 10 of the Dungeon)

   Str+3:     It affects your strength (+3).
 i - a +1 double sword of venom
Missiles
 J - 3 throwing nets (quivered)
Armour
 b - a +0 scale mail
 c - a +0 buckler
 f - a +1 cloak (worn)
 m - a +0 pair of boots
 p - a +0 plate armour (worn)
 s - a +2 pair of boots of flying (worn)
 z - the +3 pair of gauntlets of War (worn) {Slay+5}
   (Okawaru gifted it to you on level 10 of the Dungeon)

   Slay+5:    It affects your accuracy & damage with ranged weapons and melee
   (+5).
Jewellery
 e - a ring of positive energy
 r - an amulet of the acrobat (around neck)
 C - a ring of poison resistance (right hand)
 G - a +4 ring of slaying (left hand)
Wands
 d - a wand of paralysis (17)
 v - a wand of polymorph (5)
 y - a wand of roots (13)
 L - a wand of mindburst (4)
 N - a wand of light (6)
Scrolls
 l - 2 scrolls of fog
 n - 5 scrolls of blinking
 q - a scroll of torment
 t - a scroll of poison
 u - 2 scrolls of fear
 A - 6 scrolls of noise
 B - 3 scrolls of teleportation
 E - a scroll of enchant armour
 H - a scroll of amnesia
 I - 3 scrolls of enchant weapon
 K - a scroll of vulnerability
Potions
 g - 3 potions of mutation
 j - 2 potions of attraction
 k - a potion of resistance
 w - a potion of berserk rage
 x - 2 potions of haste
 D - a potion of degeneration
 F - a potion of ambrosia {unknown}
 M - a potion of brilliance {unknown}
 O - a potion of enlightenment {unknown}


   Skills:
 + Level 9.2(14.2) Fighting
 + Level 12.7(17.7) Long Blades
 + Level 8.5(13.5) Armour
 + Level 2.3(7.3) Dodging
 + Level 2.3(7.3) Stealth
 + Level 10.4(15.4) Shields


You had 11 spell levels left.
You didn't know any spells.
Your spell library contained the following spells:

 Spells                   Type           Power      Damage    Failure   Level
 Hailstorm                Conj/Ice       0%         3d5       100%        3
 Mephitic Cloud           Conj/Alch/Air  0%         N/A       100%        3
 Fulminant Prism          Conj/Alch      0%         3d5       100%        4
 Ignite Poison            Fire/Alch      0%         N/A       100%        4
 Passage of Golubria      Tloc           0%         N/A       100%        4
 Sticky Flame             Fire/Alch      0%         2d4       100%        4
 Silence                  Hex/Air        0%         N/A       100%        5
 Yara's Violent Unravell  Hex/Alch       0%         3d3       100%        5
 Ignition                 Fire           0%         3d3       100%        8
 Lehudib's Crystal Spear  Conj/Erth      0%         10d2      100%        8
 Chain Lightning          Conj/Air       0%         N/A       100%        9
 Fire Storm               Conj/Fire      0%         5d1       100%        9
 Shatter                  Erth           0%         3d5*      100%        9
 Summon Ice Beast         Ice/Summ       Unusable   N/A       N/A         3
 Tukima's Dance           Hex            Unusable   N/A       N/A         3
 Sculpt Simulacrum        Ice/Alch       Unusable   N/A       N/A         6

Dungeon Overview and Level Annotations

Branches:
Dungeon (12/15)            Temple (1/1) D:4            Lair (0/5) D:8
    Orc (0/2) D:11

Altars:
Ashenzari
Cheibriados
Dithmenos
Fedhas
Gozag
Hepliaklqana
Kikubaaqudgha
Makhleb
Nemelex Xobeh
Okawaru
Qazlal
Ru
Sif Muna
Trog
Uskayaw
Vehumet
Wu Jian
Xom
Yredelemnul

Shops:
D:7 (   D:8 ?   D:11 *

Annotations:
D:3 3 runed translucent doors, 2 transporters, Silvore's ghost, weakling DsFi; lonewolfV2's ghost, amateur FoFi
D:5 exclusion: statue


Innate Abilities, Weirdness & Mutations

((A weak demonic guardian rushes to your aid.))
When seriously injured, your blood forms thick armour. (AC +9)
A meltable shield of frost defends you. (SH +4)
You have a tail ending in a sharp stinger.


Message History

The phantasmal warrior closely misses you.
Okay, then.
You gain the combat prowess of a mighty hero.
The manticore closely misses you. You block the manticore's attack.
The manticore claws you but does no damage.
The phantasmal warrior hits you but does no damage.
You fail to use your ability.
The manticore misses you.
The manticore claws you but does no damage.
The manticore barely misses you.
The phantasmal warrior closely misses you.
You slice the phantasmal warrior!! You burn the phantasmal warrior.
The phantasmal warrior is heavily damaged.
The manticore bites you!
* * * LOW HITPOINT WARNING * * *
The manticore claws you.
* * * LOW HITPOINT WARNING * * *
The manticore claws you but does no damage.
The phantasmal warrior hits you.
* * * LOW HITPOINT WARNING * * *
You slash the phantasmal warrior! You burn the phantasmal warrior.
The phantasmal warrior is almost destroyed.
You carefully extract the barbed spikes from your body.
The manticore bites you but does no damage.
The manticore claws you but does no damage. x2
The phantasmal warrior hits you.
* * * LOW HITPOINT WARNING * * *
You hit the phantasmal warrior. You burn the phantasmal warrior.
You destroy the phantasmal warrior!
Okawaru accepts your kill.
You barely miss the manticore.
The manticore bites you but does no damage.
The manticore claws you but does no damage. x2
Unknown command.
You completely miss the manticore. The manticore barely misses you.
The manticore completely misses you.
The manticore claws you but does no damage.
You hit the manticore but do no damage. You tail-slap the manticore.
The manticore is lightly wounded.
The manticore bites you!
You die...

)......#
.~~~~~~#~~~~~~.#
.......#
~~~...~~~~~~~~.#
.......#
~~....~~~~.~~~~#
.......#
#.......~.....##
.......# #~...........~#
.......# #~~.....##.#~~#
.......# ##~~~...~.#~~##
######## #~~~~~.H~.~~#
.....# ##~~~~@~~~~##
####'##### ##~~~~~~~##
.........# ####~~~######
.........###..##(##..(.#
.........'.#...........#
.........#>#....)......#
.........#.#...........#
.........#.#..........^#
.........#)#........>..#


You could see a manticore.

Vanquished Creatures
  Kirke (D:12)
  Josephine (D:10)
  Harold (D:11)
  A centaur warrior (D:9)
  2 two-headed ogres
  A boulder beetle (D:11)
  Amaemon (D:8)
  A harpy (shapeshifter) (D:9)
  An orc knight (D:12)
  2 phantasmal warriors (D:12)
  2 manticores
  Maurice (D:12)
  2 cyclopes (D:12)
  An ugly thing (D:11)
  A guardian serpent (D:12)
  An orange demon (D:8)
  Maggie (D:8)
  A komodo dragon (D:10)
  3 trolls
  Sigmund (D:4)
  2 vampires
  19 yaks
  A slime creature (D:12)
  2 shadows
  5 wraiths
  6 wyverns
  A human (D:12)
  A steam dragon (D:8)
  4 hogs (D:12)
  Grum (D:8)
  2 wargs (D:10)
  4 vampire mosquitoes (D:11)
  Edmund (D:4)
  An acid dragon (D:11)
  2 water moccasins (D:8)
  7 orc warriors
  2 ice beasts
  3 laughing skulls
  2 black bears
  3 centaurs
  4 wolves (D:8)
  An ogre (D:5)
  A phantom (D:7)
  3 bullfrogs
  2 gnoll sergeants
  A scorpion (D:5)
  15 wights
  10 killer bees
  3 howler monkeys (D:7)
  2 jellies
  2 bombardier beetles
  5 hounds
  11 orc priests
  A sleepcap (D:4)
  8 iguanas
  6 orc wizards
  Robin (D:2)
  10 gnolls
  6 adders
  2 shadow imps (D:7)
  6 ufetubi
  2 ribbon worms
  33 orcs
  5 ball pythons
  6 endoplasms
  3 giant cockroaches
  14 goblins
  10 hobgoblins
  2 jackals (D:1)
  2 quokkas
  4 bats
  2 frilled lizards
  7 kobolds
  3 rats
288 creatures vanquished.

Vanquished Creatures (others)
  2 orcs
2 creatures vanquished.

Grand Total: 290 creatures vanquished

Notes
Turn   | Place    | Note
-------+----------+-------------------------------------------
     0 | D:1      | Silvore the Demonspawn Fighter began the quest for the Orb.
     0 | D:1      | Reached XP level 1. HP: 18/18 MP: 1/1
   206 | D:1      | Found a faded altar of an unknown god.
   354 | D:1      | Reached skill level 2 in Long Blades
   370 | D:1      | Gained mutation: When seriously injured, your blood forms
                  | armour. (AC +9) [demonic ancestry]
   370 | D:1      | Reached XP level 2. HP: 24/24 MP: 2/2
   799 | D:1      | Identified 2 scrolls of acquirement
   799 | D:1      | Acquired 1020 gold pieces
   805 | D:1      | Acquired a +0 double sword of venom
   877 | D:2      | Gained mutation: You have a small tail. [demonic ancestry]
   877 | D:2      | Reached XP level 3. HP: 29/29 MP: 3/3
  1203 | D:2      | Identified the +1 ring mail of Juqileist {rPois rF- Int+5}
  1392 | D:2      | Noticed Robin
  1414 | D:2      | Killed Robin
  1650 | D:3      | Reached XP level 4. HP: 15/35 MP: 4/4
  1758 | D:3      | Found a runed translucent gate.
  1758 | D:3      | Found a runed translucent gate.
  1759 | D:3      | Found a runed translucent gate.
  1765 | D:3      | Noticed Silvore's ghost (weakling DsFi)
  1766 | D:3      | Noticed lonewolfV2's ghost (amateur FoFi)
  1967 | D:3      | Reached skill level 3 in Long Blades
  2043 | D:3      | Noticed an ice beast
  2056 | D:3      | Killed an ice beast
  2057 | D:3      | Gained mutation: You have a tail ending in a sharp stinger.
                  | [demonic ancestry]
  2057 | D:3      | Reached XP level 5. HP: 29/41 MP: 5/5
  2137 | D:3      | Found a transporter.
  2137 | D:3      | Found a transporter.
  2492 | D:4      | Found a bloodstained altar of Trog.
  2587 | D:4      | Noticed a black bear
  2595 | D:4      | Killed a black bear
  2596 | D:4      | Reached skill level 1 in Dodging
  2596 | D:4      | Reached XP level 6. HP: 25/47 MP: 6/6
  2818 | D:4      | Found a staircase to the Ecumenical Temple.
  2829 | Temple   | Entered the Ecumenical Temple
  3158 | D:4      | Found a broken altar of Ashenzari.
  3163 | D:4      | Reached skill level 4 in Long Blades
  3440 | D:4      | Noticed Edmund
  3451 | D:4      | Killed Edmund
  3452 | D:4      | Reached XP level 7. HP: 34/53 MP: 7/7
  3540 | D:4      | Noticed a wyvern
  3547 | D:4      | Killed a wyvern
  3816 | D:4      | Noticed Sigmund
  3822 | D:4      | Killed Sigmund
  3823 | D:4      | Reached skill level 5 in Shields
  3848 | D:5      | Entered Level 5 of the Dungeon
  4092 | D:5      | Reached skill level 5 in Long Blades
  4092 | D:5      | Reached skill level 1 in Stealth
  4227 | D:5      | Found a radiant altar of Vehumet.
  4320 | D:5      | Reached XP level 8. HP: 47/60 MP: 8/8
  4367 | D:5      | Found a shimmering blue altar of Sif Muna.
  4435 | D:5      | Acquired a +2 pair of boots of flying
  4484 | D:6      | Found an iron altar of Okawaru.
  4498 | D:6      | Became a worshipper of Warmaster Okawaru
  5042 | D:6      | Reached skill level 6 in Long Blades
  5078 | D:6      | Reached skill level 5 in Armour
  5350 | D:6      | Found a hazy altar of Hepliaklqana.
  5350 | D:6      | Found a hide-covered altar of Uskayaw.
  5360 | D:6      | Reached * piety under Okawaru
  5681 | D:7      | Reached skill level 5 in Fighting
  5738 | D:7      | Found Bejonasu's Antique Weapon Shop.
  5781 | D:7      | Reached XP level 9. HP: 49/67 MP: 9/9
  5787 | D:7      | Reached skill level 7 in Long Blades
  6225 | D:7      | Reached ** piety under Okawaru
  6588 | D:8      | Noticed Grum
  6624 | D:8      | Killed Grum
  6816 | D:8      | Found a staircase to the Lair.
  6835 | D:8      | Reached skill level 8 in Long Blades
  6837 | D:8      | Reached *** piety under Okawaru
  6854 | D:8      | Gained mutation: When seriously injured, your blood forms
                  | thick armour. (AC +9) [demonic ancestry]
  6854 | D:8      | Reached XP level 10. HP: 47/76 MP: 10/10
  6882 | D:8      | Reached **** piety under Okawaru
  6913 | D:8      | Noticed Maggie
  6925 | D:8      | Killed Maggie
  7071 | D:8      | Reached skill level 9 in Long Blades
  7174 | D:8      | Found Majoq's Magic Scroll Shoppe.
  7229 | D:8      | Found a stormy altar of Qazlal.
  7252 | D:8      | Noticed an orange demon
  7252 | D:8      | Noticed Amaemon
  7271 | D:8      | Killed Amaemon
  7275 | D:8      | Killed an orange demon
  7275 | D:8      | Reached ***** piety under Okawaru
  7889 | D:9      | Found a snail-covered altar of Cheibriados.
  7928 | D:9      | Gained mutation: A meltable shield of frost defends you.
                  | (SH +4) [demonic ancestry]
  7928 | D:9      | Reached XP level 11. HP: 81/84 MP: 11/11
  8694 | D:9      | Noticed a two-headed ogre
  8704 | D:9      | Killed a two-headed ogre
  8996 | D:9      | Noticed a centaur warrior
  9001 | D:9      | Killed a centaur warrior
  9001 | D:9      | Received a gift from Okawaru
  9005 | D:9      | Noticed a harpy
  9020 | D:9      | Killed a harpy
  9021 | D:9      | Reached skill level 10 in Long Blades
  9620 | D:10     | Entered Level 10 of the Dungeon
  9628 | D:10     | Got Waapt's Verses on Reformation
  9680 | D:10     | Found an opulent altar of Gozag.
  9813 | D:10     | Found a basalt altar of Yredelemnul.
  9935 | D:10     | Found a burning altar of Makhleb.
 10028 | D:10     | Found an ornate altar of the Wu Jian Council.
 10173 | D:10     | Noticed Josephine
 10181 | D:10     | Killed Josephine
 10197 | D:10     | Reached skill level 10 in Shields
 10689 | D:11     | Found Afyf's Assorted Antiques.
 10760 | D:11     | Noticed a boulder beetle
 10788 | D:10     | Reached ****** piety under Okawaru
 10903 | D:10     | Acquired the +0 triple sword "Mannebaih" {flame, Str+3}
 10903 | D:10     | Received a gift from Okawaru
 10904 | D:10     | Acquired the +3 pair of gauntlets of War {Slay+5}
 10904 | D:10     | Received a gift from Okawaru
 10904 | D:10     | Found the +3 pair of gauntlets of War {Slay+5}
 10938 | D:10     | Received a gift from Okawaru
 11202 | D:11     | Noticed Harold
 11212 | D:11     | Killed Harold
 11255 | D:11     | Killed a boulder beetle
 11256 | D:11     | Reached skill level 11 in Long Blades
 11256 | D:11     | Gained mutation: A weak demonic guardian rushes to your
                  | aid. [demonic ancestry]
 11256 | D:11     | Reached XP level 12. HP: 72/94 MP: 12/12
 11814 | D:11     | Found a staircase to the Orcish Mines.
 12304 | D:12     | Noticed Kirke
 12336 | D:12     | Killed Kirke
 12336 | D:12     | Received a gift from Okawaru
 12423 | D:12     | Reached skill level 12 in Long Blades
 12560 | D:12     | Noticed Maurice
 12572 | D:12     | Killed Maurice
 12592 | D:12     | Noticed a two-headed ogre
 12597 | D:12     | Killed a two-headed ogre
 12853 | D:12     | HP: 4/95 [phantasmal warrior (21)]
 12862 | D:12     | Slain by a manticore

Illustrated notes

Levels and vault maps discovered:
D:1:      shiori_shiawase, layout_loops_cross,
          shapermc_ecumenical_altar_mp_ritualfount, minmay_misc_feat_rugged
D:2:      layout_basic, uniq_robin
D:3:      gammafunk_steamed_eel, layout_loops_cross, gammafunk_ghost_cemetery,
          nicolae_underground_beach
D:4:      layout_gridville, lemuel_crystal_altar, mainiacjoe_overflow_brackets,
          minmay_temple_entry_butterflies, sigmund_edmund_badplayer
D:5:      layout_rooms, elyvilon_altar_4, vehumet_statue,
          nicolae_overflow_crystal_walls, lemuel_tele_altar, minmay_statues_item
D:6:      layout_cave_pods, lemuel_doored_altar, grunt_temple_overflow_open,
          minmay_misc_feat_hallway
D:7:      layout_gridville, serial_shops, shop,
          serial_library_hellmonk_layered_room
D:8:      layout_loops_ring, lemuel_round_altar, minmay_lair_entry_grove,
          serial_shops, nicolae_shop_tiny_statue_garden, uniq_amaemon,
          uniq_grum, uniq_maggie
D:9:      minmay_chambers_of_sixes, layout_stronghold,
          mainiacjoe_overflow_24_doors, serial_park_tiny_2
D:10:     layout_loops_ring, mainiacjoe_overflow_chevrons,
          mainiacjoe_overflow_six_doors_small, mainiacjoe_overflow_tiny_flanked,
          lightli_temple_of_fire, uniq_josephine
D:11:     layout_basic, erik_orc_4, serial_shops, shop, uniq_harold
D:12:     layout_roguey, enter_trove_5,
          hellmonk_guarded_unrand_seven_league_boots, uniq_kirke, uniq_maurice
Temple:   hellmonk_temple_micro_hex

Skill      XL: |  1  2  3  4  5  6  7  8  9 10 11 12 |
---------------+-------------------------------------+-----
Long Blades    | 2 3 4 5 6 8 9 11 12 | 12.7
Shields        | 3 4 5 6 7 8 10 | 10.4
Armour         | 3 4 5 7 8 |  8.5
Dodging        | 1 2 |  2.3
Fighting       | 4 5 6 7 8 9 |  9.2
Stealth        | 1 2 |  2.3

Action                     |  1- 3 |  4- 6 |  7- 9 | 10-12 || total
---------------------------+-------+-------+-------+-------++-------
  Melee: Long sword        |    88 |       |       |       ||    88
         Double sword      |    61 |    92 |   258 |   404 ||   815
         Tailslap          |     4 |     8 |    41 |   102 ||   155
         Triple sword      |       |       |       |   159 ||   159
 Invoke: Receive Weapon    |       |       |       |     1 ||     1
         Receive Armour    |       |       |       |     1 ||     1
         Heroism           |       |       |       |     1 ||     1
    Use: Scroll            |     7 |     1 |    13 |     5 ||    26
         Potion            |       |     2 |     2 |     5 ||     9
   Stab: Invisible         |       |     2 |     2 |     2 ||     6
 Armour: Scale mail        |   114 |    46 |       |       ||   160
         Plate armour      |       |    33 |   213 |   417 ||   663
  Dodge: Dodged            |    35 |    13 |    60 |   135 ||   243
  Block: Tower shield      |   167 |    89 |   279 |   481 ||  1016
         Buckler           |     4 |       |       |       ||     4
         Other             |       |       |       |    32 ||    32
